NCAA
TEXAS LONGHORNS @ NOTRE DAME FIGHTING IRISH
05/05/2027
 
TOP OF THE 1ST
Texas Longhorns batting - Pitching for Notre Dame Fighting Irish : LHP Roy Burke
Pitching: LHP Roy Burke
Batting: LHB Dave Tucker 0-0: Called Strike
0-1: Ball
1-1: Swinging Strike
1-2: Foul Ball, location: 2F
1-2: Ball
2-2: Foul Ball, location: 2F
2-2: Strikes out looking
Batting: RHB Bob Cooper 0-0: Ball
1-0: Called Strike
1-1: Ball
2-1: Swinging Strike
2-2: Ground out 6-3 (Groundball, 6)
Batting: RHB Joe Rogers 0-0: Ball
1-0: Called Strike
1-1: Foul Ball, location: 2F
1-2: Ball
2-2: Ball
3-2: Strikes out swinging
Top of the 1st over - 0 run(s), 0 hit(s), 0 error(s), 0 left on base; Texas 0 - Notre Dame 0
BOTTOM OF THE 1ST
Notre Dame Fighting Irish batting - Pitching for Texas Longhorns : RHP Joseph Burch
Pitching: RHP Joseph Burch
Batting: SHB Carlos Ramírez 0-0: Ball
1-0: Ball
2-0: Foul Ball, location: 2F
2-1: Foul Ball, location: 2F
2-2: Ball
3-2: DOUBLE (Line Drive, 89M)
Batting: RHB Jorge Ortíz 0-0: Called Strike
0-1: Ball
1-1: Called Strike
1-2: Foul Ball, location: 2F
1-2: Strikes out swinging
Batting: LHB Sam Knight 0-0: Called Strike
0-1: Fly out, F9 (Flyball, 9)
Batting: RHB Fred McPhun 0-0: Called Strike
0-1: Swinging Strike
0-2: Ball
1-2: Ball
2-2: Strikes out swinging
Bottom of the 1st over - 0 run(s), 1 hit(s), 0 error(s), 1 left on base; Texas 0 - Notre Dame 0
TOP OF THE 2ND
Texas Longhorns batting - Pitching for Notre Dame Fighting Irish : LHP Roy Burke
Batting: SHB Randy Anderson 0-0: Ball
1-0: Ball
2-0: Ball
3-0: Called Strike
3-1: Swinging Strike
3-2: Foul Ball, location: 2F
3-2: SINGLE (Flyball, 9S)
Batting: RHB John Burton 0-0: Ball
1-0: Ball
2-0: Called Strike
2-1: Called Strike
2-2: Foul Ball, location: 2F
2-2: SINGLE (Line Drive, 6MD)
Randy Anderson to second
Batting: LHB Arlen Powers 0-0: Called Strike
0-1: Called Strike
Randy Anderson is caught stealing 3rd base
John Burton to second
0-2: Fly out, F9 (Flyball, 89S)
Batting: LHB Germán Díaz 0-0: Called Strike
0-1: Foul Ball, location: 2F
0-2: Ball
1-2: Hit by Pitch
Batting: SHB Dave Hickman 0-0: Foul Ball, location: 2F
0-1: Called Strike
0-2: Foul Ball, location: 2F
0-2: Strikes out swinging
Top of the 2nd over - 0 run(s), 2 hit(s), 0 error(s), 2 left on base; Texas 0 - Notre Dame 0
BOTTOM OF THE 2ND
Notre Dame Fighting Irish batting - Pitching for Texas Longhorns : RHP Joseph Burch
Batting: RHB Allen Miller 0-0: Called Strike
0-1: Foul Ball, location: 2F
0-2: Ball
1-2: Ball
2-2: Ball
3-2: Strikes out swinging
Batting: SHB Andre Keeler 0-0: Called Strike
0-1: Foul Ball, location: 2F
0-2: Ball
1-2: Ball
2-2: Foul Ball, location: 2F
2-2: Ball
3-2: Foul Ball, location: 2F
3-2: SINGLE (Groundball, 34) (infield hit)
Batting: RHB Jackson Smith 0-0: Ball
1-0: Foul Ball, location: 2F
1-1: SINGLE (Groundball, 34D)
Andre Keeler to second
Throwing error, E9
Andre Keeler scores
Jackson Smith to second
Batting: LHB Matt Moore 0-0: Ball
1-0: Ball
2-0: Foul Ball, location: 2F
2-1: Swinging Strike
2-2: SINGLE (Groundball, 34D)
Jackson Smith to third
Runner from 3rd tries for Home, SAFE, no throw
Batting: RHB Mike Thompson 0-0: Ball
1-0: Grounds into double play, 6-4-3 (Groundball, 6)
Bottom of the 2nd over - 2 run(s), 3 hit(s), 1 error(s), 0 left on base; Texas 0 - Notre Dame 2
TOP OF THE 3RD
Texas Longhorns batting - Pitching for Notre Dame Fighting Irish : LHP Roy Burke
Batting: SHB Fabio Morán 0-0: Called Strike
0-1: Foul Ball, location: 2F
0-2: Foul Ball, location: 2F
0-2: Ball
1-2: Strikes out swinging
Batting: LHB Dave Tucker 0-0: Ball
1-0: Fly out, F3 (Popup, 34)
Batting: RHB Bob Cooper 0-0: Swinging Strike
0-1: Foul Ball, location: 2F
0-2: Fly out, F9 (Flyball, 9LSF)
Top of the 3rd over - 0 run(s), 0 hit(s), 0 error(s), 0 left on base; Texas 0 - Notre Dame 2
BOTTOM OF THE 3RD
Notre Dame Fighting Irish batting - Pitching for Texas Longhorns : RHP Joseph Burch
Batting: SHB Carlos Ramírez 0-0: Called Strike
0-1: Ground out 6-3 (Groundball, 6)
Batting: RHB Jorge Ortíz 0-0: Foul Ball, location: 2F
0-1: Swinging Strike
0-2: Strikes out swinging
Batting: LHB Sam Knight 0-0: Called Strike
0-1: Ball
1-1: Swinging Strike
1-2: Ball
2-2: Strikes out swinging
Bottom of the 3rd over - 0 run(s), 0 hit(s), 0 error(s), 0 left on base; Texas 0 - Notre Dame 2
TOP OF THE 4TH
Texas Longhorns batting - Pitching for Notre Dame Fighting Irish : LHP Roy Burke
Batting: RHB Joe Rogers 0-0: Ground out 5-3 (Groundball, 56S)
Batting: SHB Randy Anderson 0-0: Ball
1-0: Called Strike
1-1: Called Strike
1-2: Strikes out swinging
Batting: RHB John Burton 0-0: Ball
1-0: Ball
2-0: Called Strike
2-1: Ball
3-1: Fly out, F9 (Flyball, 9LSF)
Top of the 4th over - 0 run(s), 0 hit(s), 0 error(s), 0 left on base; Texas 0 - Notre Dame 2
BOTTOM OF THE 4TH
Notre Dame Fighting Irish batting - Pitching for Texas Longhorns : RHP Joseph Burch
Batting: RHB Fred McPhun 0-0: Foul Ball, location: 2F
0-1: Ball
1-1: Swinging Strike
1-2: Ball
2-2: Ball
3-2: Strikes out swinging
Batting: RHB Allen Miller 0-0: Called Strike
0-1: Ball
1-1: Ball
2-1: Foul Ball, location: 2F
2-2: Strikes out swinging
Batting: SHB Andre Keeler 0-0: Ball
1-0: Ball
2-0: Called Strike
2-1: Foul Ball, location: 2F
2-2: Ground out U3 (Groundball, 34S)
Bottom of the 4th over - 0 run(s), 0 hit(s), 0 error(s), 0 left on base; Texas 0 - Notre Dame 2
TOP OF THE 5TH
Texas Longhorns batting - Pitching for Notre Dame Fighting Irish : LHP Roy Burke
Batting: LHB Arlen Powers 0-0: Called Strike
0-1: Ball
1-1: Swinging Strike
1-2: Ball
2-2: Strikes out swinging
Batting: LHB Germán Díaz 0-0: Called Strike
0-1: Fly out, F2 (Popup, 5S)
Batting: SHB Dave Hickman 0-0: Ball
1-0: Swinging Strike
1-1: SINGLE (Line Drive, 34D)
Batting: SHB Fabio Morán 0-0: Called Strike
0-1: Ball
1-1: Called Strike
1-2: Ball
2-2: Foul Ball, location: 2F
2-2: Ball
3-2: Strikes out looking
Top of the 5th over - 0 run(s), 1 hit(s), 0 error(s), 1 left on base; Texas 0 - Notre Dame 2
BOTTOM OF THE 5TH
Notre Dame Fighting Irish batting - Pitching for Texas Longhorns : RHP Joseph Burch
Batting: RHB Jackson Smith 0-0: Foul Ball, location: 2F
0-1: Swinging Strike
0-2: Strikes out swinging wild pitch, reaches first!
Batting: LHB Matt Moore 0-0: Ball
1-0: Foul Ball, location: 2F
1-1: Swinging Strike
1-2: Ball
2-2: Strikes out swinging
Batting: RHB Mike Thompson 0-0: Grounds into double play, 4-6-3 (Groundball, 4)
Bottom of the 5th over - 0 run(s), 0 hit(s), 0 error(s), 0 left on base; Texas 0 - Notre Dame 2
TOP OF THE 6TH
Texas Longhorns batting - Pitching for Notre Dame Fighting Irish : LHP Roy Burke
Batting: LHB Dave Tucker 0-0: Swinging Strike
0-1: Swinging Strike
0-2: Ball
1-2: Ball
2-2: Ball
3-2: Fly out, F9 (Flyball, 89D)
Pitching: RHP Manuel Robles
Batting: RHB Bob Cooper 0-0: Foul Ball, location: 2F
0-1: Ball
1-1: Called Strike
1-2: Strikes out swinging
Batting: RHB Joe Rogers 0-0: Foul Ball, location: 2F
0-1: Swinging Strike
0-2: Ball
1-2: Strikes out looking
Top of the 6th over - 0 run(s), 0 hit(s), 0 error(s), 0 left on base; Texas 0 - Notre Dame 2
BOTTOM OF THE 6TH
Notre Dame Fighting Irish batting - Pitching for Texas Longhorns : RHP Joseph Burch
Batting: SHB Carlos Ramírez 0-0: Ball
1-0: Called Strike
1-1: Called Strike
1-2: Ball
2-2: Ball
3-2: Foul Ball, location: 2F
3-2: Foul Ball, location: 2F
3-2: Strikes out swinging
Pitching: LHP Kent Charles
Batting: RHB Jorge Ortíz 0-0: Ball
1-0: Called Strike
1-1: Foul Ball, location: 2F
1-2: Foul Ball, location: 2F
1-2: Ball
2-2: Strikes out swinging
Batting: LHB Sam Knight 0-0: Ball
1-0: Ball
2-0: Called Strike
2-1: Ball
3-1: Called Strike
3-2: Base on Balls
Batting: RHB Fred McPhun 0-0: Foul Ball, location: 2F
0-1: Foul Ball, location: 2F
0-2: Ball
1-2: Ball
2-2: Ball
3-2: Strikes out swinging
Bottom of the 6th over - 0 run(s), 0 hit(s), 0 error(s), 1 left on base; Texas 0 - Notre Dame 2
TOP OF THE 7TH
Texas Longhorns batting - Pitching for Notre Dame Fighting Irish : RHP Manuel Robles
Batting: SHB Randy Anderson 0-0: Ball
1-0: Called Strike
1-1: Swinging Strike
1-2: Ball
2-2: Ball
3-2: Strikes out swinging
Batting: RHB John Burton 0-0: Called Strike
0-1: Called Strike
0-2: Ball
1-2: DOUBLE (Flyball, 8LD)
Batting: LHB Arlen Powers 0-0: Ball
1-0: Ball
2-0: Called Strike
2-1: Ball
3-1: Base on Balls
Batting: LHB Germán Díaz 0-0: Ball
1-0: Called Strike
1-1: Called Strike
1-2: Ball
2-2: Fly out, F4 (Flyball, 34D)
Batting: SHB Dave Hickman 0-0: Called Strike
0-1: Foul Ball, location: 2F
0-2: Strikes out swinging
Top of the 7th over - 0 run(s), 1 hit(s), 0 error(s), 2 left on base; Texas 0 - Notre Dame 2
BOTTOM OF THE 7TH
Notre Dame Fighting Irish batting - Pitching for Texas Longhorns : LHP Kent Charles
Batting: RHB Allen Miller 0-0: Ball
1-0: Ball
2-0: Foul Ball, location: 2F
2-1: Foul Ball, location: 2F
2-2: Hit by Pitch
Batting: SHB Andre Keeler 0-0: Bunted foul
0-1: Ball
1-1: Ball
2-1: Bunted foul
2-2: Foul Ball, location: 2F
2-2: Hit by Pitch
Allen Miller to second
Batting: RHB Jackson Smith 0-0: Ball
1-0: Ball
2-0: Sac Bunt - play at first, batter OUT! 5-4
Allen Miller to third
Andre Keeler to second
Batting: LHB Matt Moore 0-0: Foul Ball, location: 2F
0-1: Called Strike
0-2: Foul Ball, location: 2F
0-2: Strikes out swinging
Batting: RHB Mike Thompson 0-0: Ball
1-0: Fly out, F8 (Flyball, 8LS)
Bottom of the 7th over - 0 run(s), 0 hit(s), 0 error(s), 2 left on base; Texas 0 - Notre Dame 2
TOP OF THE 8TH
Texas Longhorns batting - Pitching for Notre Dame Fighting Irish : RHP Manuel Robles
Batting: SHB Fabio Morán 0-0: Reached on error, E8 (Flyball, 8RM)
Pitching: LHP John Parker
Batting: LHB Dave Tucker 0-0: Ball
1-0: Ball
2-0: Foul Ball, location: 2F
2-1: Ball
3-1: Foul Ball, location: 2F
3-2: Foul Ball, location: 2F
3-2: Foul Ball, location: 2F
3-2: Ground out U3 (Groundball, 34S)
Fabio Morán to second
Pitching: RHP Steve Benton
Batting: RHB Bob Cooper 0-0: Ball
1-0: Ball
2-0: Foul Ball, location: 2F
2-1: Fly out, F9 (Flyball, 9LM)
Batting: RHB Joe Rogers 0-0: Called Strike
0-1: Ball
1-1: Ball
2-1: Ball
3-1: Fly out, F3 (Popup, 34)
Top of the 8th over - 0 run(s), 0 hit(s), 1 error(s), 1 left on base; Texas 0 - Notre Dame 2
BOTTOM OF THE 8TH
Notre Dame Fighting Irish batting - Pitching for Texas Longhorns : LHP Kent Charles
Batting: SHB Carlos Ramírez 0-0: Ball
1-0: Called Strike
1-1: Foul Ball, location: 2F
1-2: Ball
2-2: Ground out 6-3 (Groundball, 6)
Batting: RHB Jorge Ortíz 0-0: SINGLE (Line Drive, 7S)
Batting: LHB Sam Knight 0-0: Ball
1-0: Ball
2-0: Ball
3-0: Base on Balls
Jorge Ortíz to second
Batting: RHB Fred McPhun 0-0: DOUBLE (Line Drive, 3D)
Jorge Ortíz scores
Sam Knight to third
Batting: RHB Allen Miller 0-0: Intentional Walk
Pitching: RHP Tim Sheridan
Batting: SHB Andre Keeler 0-0: Swinging Strike
0-1: Foul Ball, location: 2F
0-2: Strikes out swinging
Batting: RHB Jackson Smith 0-0: Fly out, F8 (Flyball, 8LS)
Bottom of the 8th over - 1 run(s), 2 hit(s), 0 error(s), 3 left on base; Texas 0 - Notre Dame 3
TOP OF THE 9TH
Texas Longhorns batting - Pitching for Notre Dame Fighting Irish : RHP Steve Benton
Pitching: RHP Chris Hamilton
Batting: SHB Randy Anderson 0-0: Called Strike
0-1: Foul Ball, location: 2F
0-2: Ball
1-2: Strikes out swinging
Batting: RHB John Burton 0-0: Ball
1-0: Ball
2-0: Foul Ball, location: 2F
2-1: Foul Ball, location: 2F
2-2: Ball
3-2: Strikes out looking
Batting: LHB Arlen Powers 0-0: Fly out, F8 (Flyball, 8LM)
Top of the 9th over - 0 run(s), 0 hit(s), 0 error(s), 0 left on base; Texas 0 - Notre Dame 3
Thursday, March 30th, 2017 - OOTP Baseball 17.12 Build 75